 Dungeon Crawl Stone Soup version 0.29.1-12-g30fa7ad0bf (webtiles) character file.

Game seed: 2924252294625653157

1572 Labrat the Destroyer (level 8, -4/57 HPs)
             Began as a Demigod Conjurer on Dec 22, 2022.
             Slain by Maggie
             ... wielding a +2 vorpal glaive
              (14 damage)
             ... on level 6 of the Dungeon.
             The game lasted 00:11:55 (6910 turns).

Labrat the Destroyer (Demigod Conjurer)             Turns: 6910, Time: 00:11:55

Health: -4/57      AC:  3    Str:  8    XL:     8   Next: 33%
Magic:  7/21       EV: 12    Int: 28    God:
Gold:   391        SH:  0    Dex: 12    Spells: 13/20 levels left

rFire   . . .      SeeInvis .   h - +3 mace (protect)
rCold   . . .      Faith    .   (no shield)
rNeg    . . .      Spirit   .   a - +0 robe
rPois   .          Reflect  .   u - +0 helmet
rElec   .          Harm     .   (no cloak)
rCorr   +          Rampage  .   (no gloves)
Will    .....                   (no boots)
Stlth   ++........              (no amulet)
HPRegen 0.19/turn               s - ring of resist corrosion
MPRegen 0.17/turn               (no ring)

@: mesmerised
A: high MP 1, forlorn, divine attributes
a: no special abilities


You were on level 6 of the Dungeon.
You visited 2 branches of the dungeon, and saw 7 of its levels.

You collected 391 gold pieces.

Inventory:

Hand Weapons
 h - a +3 mace of protection (weapon)
Missiles
 w - 5 poisoned darts
Armour
 a - a +0 robe (worn)
 u - a +0 helmet (worn)
Jewellery
 s - a ring of resist corrosion (left hand)
Wands
 A - a wand of mindburst (17)
Scrolls
 d - 11 scrolls of identify {unknown}
 e - a scroll of fog {unknown}
 g - 2 scrolls of enchant armour {unknown}
 i - 3 scrolls of immolation {unknown}
 l - 3 scrolls of blinking {unknown}
 m - a scroll of magic mapping {unknown}
 n - 3 scrolls of poison {unknown}
 p - 2 scrolls of teleportation {unknown}
 q - a scroll of fear {unknown}
 v - a scroll of amnesia {unknown}
 y - a scroll of brand weapon {unknown}
 z - a scroll of torment {unknown}
Potions
 b - 2 potions of magic
 c - 2 potions of heal wounds {unknown}
 f - a potion of brilliance {unknown}
 j - a potion of curing {unknown}
 k - a potion of flight {unknown}
 o - 2 potions of degeneration {unknown}
 r - a potion of resistance {unknown}
 t - 2 potions of haste {unknown}
 x - 4 potions of might {unknown}


   Skills:
 - Level 1.7 Dodging
 - Level 1.7 Stealth
 + Level 6.6 Spellcasting
 - Level 8.0 Conjurations


You had 13 spell levels left.
You knew the following spells:

 Your Spells              Type           Power      Damage    Failure   Level
a - Magic Dart            Conj           100%       1d8       1%          1
b - Searing Ray           Conj           100%       2d8       1%          2
c - Iskenderun's Mystic   Conj/Tloc      31%        2d8       11%         4

Your spell library contained the following spells:

 Spells                   Type           Power      Damage    Failure   Level
 Conjure Flame            Conj/Fire      31%        6-21      3%          3
 Dazzling Flash           Conj/Hex       62%        N/A       3%          3
 Poisonous Vapours        Pois/Air       18%        N/A       9%          2
 Fulminant Prism          Conj/Hex       15%        3d11      11%         4
 Sticky Flame             Conj/Fire      31%        2d5       11%         4
 Ignite Poison            Fire/Tmut/Pois 9%         N/A       17%         3
 Corpse Rot               Necr/Pois/Air  9%         N/A       50%         4


Dungeon Overview and Level Annotations

Branches:
Dungeon (6/15)             Temple (1/1) D:4

Shops:
D:1 [   D:5 *

Annotations:
D:3 3 runed translucent doors, Toxa551's ghost, weakling DsNe
D:6 Maggie


Innate Abilities, Weirdness & Mutations

You have an increased reservoir of magic. (+10% MP)
You shall have no god before yourself.
Your divine heritage dramatically boosts your attributes as you level up.


Message History

Maggie zaps a wand.
The puff of flame hits you!
The searing ray hits Maggie!
Maggie is heavily wounded.
Maggie zaps a wand.
The puff of flame hits you!
The searing ray hits Maggie.
Maggie is heavily wounded.
The searing ray hits Maggie.
Maggie is heavily wounded.
You finish channelling your searing ray.
Casting: Searing Ray (safe; 1% risk of failure)
Confirm with . or Enter, or press ? or * to list all spells.
Aiming: Searing Ray (safe; 1% risk of failure)
Press: ? - help, Shift-Dir - straight line, f/p - Maggie
Aim: Maggie, wielding a +2 vorpal glaive, wearing +0 swamp dragon scales and carrying a wand of flame (10) (heavily wounded, mesmerising, 85% to hit)
The searing ray hits Maggie.
Maggie is severely wounded. (Press . to maintain the ray.) Maggie closely misses you.
The searing ray hits Maggie!
Maggie is severely wounded.
Maggie hits you from afar with a +2 vorpal glaive!
* * * LOW HITPOINT WARNING * * *
x2 The searing ray hits Maggie.
Maggie is almost dead.
Maggie gestures wildly while chanting.
Maggie draws you further into her thrall.
The searing ray hits Maggie.
Maggie is almost dead.
You finish channelling your searing ray.
Maggie misses you.
Casting: Searing Ray (safe; 1% risk of failure)
Confirm with . or Enter, or press ? or * to list all spells.
Aiming: Searing Ray (safe; 1% risk of failure)
Press: ? - help, Shift-Dir - straight line, f/p - Maggie
Aim: Maggie, wielding a +2 vorpal glaive, wearing +0 swamp dragon scales and carrying a wand of flame (10) (almost dead, mesmerising, 85% to hit)
The searing ray hits Maggie.
Maggie is almost dead. (Press . to maintain the ray.) Maggie hits you from afar with a +2 vorpal glaive!
You die...

####.####.......)........#
...@......#.#####)....#####
########....# #....##
........@...# #.#.##
########.).## #.### ....#
##)## #.# ._..# #.# #.#
...# #.#######.# ...#
#..(..@.@.# #### #####
########### #... ....# #.##
###.# #.# # #.# #.# #.#
####### ############.# #.#
##.....# #......).....# #.#
#...##.# #<############ #.#
#...##.# #.#


You could see Maggie (mesmerising).

Vanquished Creatures
  A water moccasin (D:6)
  A black bear (D:4)
  An ice beast (D:6)
  The ghost of ababab the Vexing, an amateur FeEn (D:4)
  An ogre (D:6)
  A centaur (D:6)
  4 scorpions
  A necrophage (D:6)
  2 howler monkeys
  2 hounds
  A jelly (D:5)
  3 orc priests
  Terence (D:2)
  2 iguanas
  7 orc wizards
  A gnoll (D:1)
  9 adders
  A shadow imp (D:6)
  An ufetubus (D:3)
  A worm (D:4)
  3 dart slugs
  22 orcs
  4 endoplasms
  3 giant cockroaches
  10 goblins
  8 hobgoblins
  4 jackals (D:5)
  5 kobolds
  4 quokkas
  8 ball pythons
  4 bats
  4 frilled lizards
  5 rats
126 creatures vanquished.

Vanquished Creatures (others)
  6 plants (D:4)
6 creatures vanquished.

Grand Total: 132 creatures vanquished

Notes
Turn   | Place    | Note
-------+----------+-------------------------------------------
     0 | D:1      | Labrat the Demigod Conjurer began the quest for the Orb.
     0 | D:1      | Reached XP level 1. HP: 14/14 MP: 5/5
   282 | D:1      | Reached XP level 2. HP: 20/20 MP: 0/7
   348 | D:1      | You fall into a shaft and drop 1 floor!
   406 | D:1      | Reached skill level 4 in Conjurations
   735 | D:1      | Reached XP level 3. HP: 26/26 MP: 2/9
   993 | D:1      | Found Cyasuamy's Armour Emporium.
  1229 | D:2      | Learned a level 2 spell: Searing Ray
  1363 | D:2      | Noticed Terence
  1726 | D:2      | Killed Terence
  1727 | D:2      | Reached XP level 4. HP: 10/33 MP: 1/11
  3266 | D:3      | Found a runed translucent gate.
  3266 | D:3      | Identified the +1 scale mail of Ethics {rN+ Will+ Int+7}
  3266 | D:3      | Noticed Toxa551's ghost (weakling DsNe)
  3267 | D:3      | Found a runed translucent gate.
  3268 | D:3      | Found a runed translucent gate.
  3553 | D:4      | Reached skill level 5 in Conjurations
  3553 | D:4      | Reached XP level 5. HP: 38/38 MP: 1/13
  3892 | D:4      | Noticed a black bear
  3904 | D:4      | Killed a black bear
  3905 | D:4      | Reached XP level 6. HP: 36/45 MP: 4/15
  4211 | D:4      | Found a staircase to the Ecumenical Temple.
  4232 | D:4      | Found a runed translucent door.
  4233 | D:4      | Noticed ababab's ghost (amateur FeEn)
  4324 | D:4      | Killed ababab's ghost
  4405 | Temple   | Entered the Ecumenical Temple
  4422 | D:5      | Entered Level 5 of the Dungeon
  4428 | D:5      | Learned a level 4 spell: Iskenderun's Mystic Blast
  4438 | D:5      | Reached skill level 6 in Conjurations
  4563 | D:5      | Reached XP level 7. HP: 50/50 MP: 11/17
  4719 | D:5      | Reached skill level 5 in Spellcasting
  5077 | D:5      | Found Zigg's Elemental Accessories.
  5631 | D:6      | Reached skill level 7 in Conjurations
  5770 | D:6      | Reached XP level 8. HP: 20/57 MP: 8/20
  6230 | D:6      | Noticed Maggie
  6891 | D:6      | Reached skill level 8 in Conjurations
  6910 | D:6      | Slain by Maggie

Illustrated notes

Levels and vault maps discovered:
D:1:      psy_arrival_radial02, layout_rooms, serial_shops, shop
D:2:      layout_loops_ring, uniq_terence
D:3:      layout_basic, hellmonk_ecumenical_altar_arch_garden,
          biasface_ghost_orc_armoury
D:4:      layout_cave_pools, minmay_temple_entry_enclosed_plants,
          ebering_ghost_reflecting_pool
D:5:      layout_cave_pools, nicolae_elemental_shop,
          minmay_misc_feat_four_crosses
D:6:      layout_loops_ring, mainiacjoe_overflow_alcove_1, uniq_maggie
Temple:   compressed_dpeg_triangle_lava_temple

Skill      XL: |  1  2  3  4  5  6  7  8 |
---------------+-------------------------+-----
Spellcasting   | 2 3 4 6 |  6.6
Conjurations   | 4 5 6 7 8 |  8.0
Dodging        | |  1.7
Stealth        | |  1.7

Action                   |  1- 3 |  4- 6 |  7- 9 || total
-------------------------+-------+-------+-------++-------
Melee: Dagger            |     7 |     8 |       ||    15
       Mace              |       |       |     2 ||     2
Throw: Dart              |       |       |     1 ||     1
 Cast: Magic Dart        |    91 |    88 |    71 ||   250
       Searing Ray       |     2 |    12 |    28 ||    42
Evoke: Wand              |       |       |     2 ||     2
Armor: Robe              |     2 |     4 |     4 ||    10
Dodge: Dodged            |    14 |    18 |    18 ||    50
